 Dungeon Crawl Stone Soup version 0.23.2-1-ga50397a6bc (webtiles) character file.

Game seed: 14777383179441452440

1330 Mrkan the Cudgeler (level 8, -6/64 HPs)
             Began as a Formicid Fighter on May 19, 2019.
             Was a Follower of Yredelemnul.
             Killed by divine providence
             ... invoked by an orc priest
              (9 damage)
             ... on level 6 of the Dungeon.
             The game lasted 00:07:23 (3994 turns).

Mrkan the Cudgeler (Formicid Fighter)               Turns: 3994, Time: 00:07:23

Health: -6/64      AC:  7    Str: 22    XL:     8   Next: 91%
Magic:  11/11      EV:  9    Int:  9    God:    Yredelemnul [*.....]
Gold:   203        SH: 10    Dex: 10    Spells: 7/7 levels left

rFire    . . .     SeeInvis +   a - +0 flail
rCold    . . .     Gourm    .   c - +0 shield
rNeg     . . .     Faith    .   b - +0 scale mail
rPois    .         Spirit   .   (helmet unavailable)
rElec    .         Reflect  .   (no cloak)
rCorr    .         Harm     .   (no gloves)
MR       .....                  (no boots)
Stlth    ..........             (no amulet)
HPRegen  0.20/turn              (no ring)
MPRegen  0.12/turn              (no ring)

@: no status effects
A: permanent stasis, dig shafts and tunnels, four strong arms, antennae 3
a: Dig, Shaft Self, Animate Remains, Renounce Religion


You were on level 6 of the Dungeon.
You worshipped Yredelemnul.
Yredelemnul was aware of your devotion.
You were hungry.

You visited 1 branch of the dungeon, and saw 6 of its levels.

You collected 203 gold pieces.

Inventory:

Hand Weapons
 a - a +0 flail (weapon)
Armour
 b - a +0 scale mail (worn)
 c - a +0 shield (worn)
Jewellery
 p - a cursed -2 ring of strength {unknown}
 z - an uncursed ring of wizardry
Scrolls
 e - a scroll of blinking {unknown}
 g - 4 scrolls of remove curse {unknown}
 h - 2 scrolls of teleportation {unknown}
 m - 6 scrolls of identify {unknown}
 o - a scroll of immolation {unknown}
 q - a scroll of enchant armour {unknown}
 t - a scroll of random uselessness {unknown}
 x - 2 scrolls of amnesia {unknown}
 y - a scroll of acquirement {unknown}
Potions
 d - 3 potions of might
 i - 2 potions of brilliance {unknown}
 j - 3 potions of curing {unknown}
 k - 2 potions of ambrosia {unknown}
 l - 3 potions of agility {unknown}
 n - a potion of heal wounds {unknown}
 r - 2 potions of cancellation {unknown}
 s - a potion of lignification {unknown}
 u - a potion of flight {unknown}
 v - a potion of mutation {unknown}
 w - a potion of haste {unknown}
Comestibles
 f - 13 rations


   Skills:
 + Level 5.9 Fighting
 * Level 6.7 Maces & Flails
 - Level 3.8 Armour
 + Level 6.6 Shields
 + Level 4.7 Invocations


You had 7 spell levels left.
You didn't know any spells.
Your spell library contained the following spells:

 Spells                   Type           Power        Failure   Level  Hunger
 Shock                    Conj/Air       #...         86%         1    ##.....
 Swiftness                Chrm/Air       #.......     95%         2    ###....
 Static Discharge         Conj/Air       #.......     99%         3    ####...
 Airstrike                Air            #.........   100%        4    #####..
 Lightning Bolt           Conj/Air       #.........   100%        5    ######.


Dungeon Overview and Level Annotations

Branches:
Dungeon (6/15)             Temple (0/1) D:6

Altars:
Ashenzari
Elyvilon
Gozag
Makhleb
Ru
Sif Muna
Uskayaw
Wu Jian
Yredelemnul
Zin

Shops:
D:4 [


Innate Abilities, Weirdness & Mutations

You cannot be hasted, slowed, berserked, paralysed or teleported.
You can dig through walls and to a lower floor.
Your four strong arms can wield two-handed weapons with a shield.
You have a pair of large antennae on your head. (SInv)


Message History

The orc warrior is severely wounded.
The orc warrior completely misses you.
You hit the orc warrior but do no damage.
The orc warrior is severely wounded.
You block the orc warrior's attack.
You hit the orc warrior but do no damage.
The orc warrior is severely wounded.
The orc warrior hits you with a +0 hand axe!
* * * LOW HITPOINT WARNING * * *
You hit the orc warrior but do no damage.
The orc warrior is severely wounded.
You block the orc warrior's attack.
You hit the orc warrior but do no damage.
The orc warrior is severely wounded.
You block the orc warrior's attack.
Unknown command.
The orc priest calls down the wrath of Beogh upon you.
Beogh smites you!
You die...
Your body rises from the dead as a mindless zombie.

.......# #.........# .......# {
###..)......#### )##.†###
#............... .###)#
#...........#### ...#.###
#............... .......#
#.........>.#### ...#.### #######
#..#.##.#.#.#...
...#.)####.....#+####.##.#...#)#.
#####.<........#@# #.##.#####.#.
..###.######.#.#.# #.##.#.....#)
>. +.........#o#o# #.##.#.#####)
.. ###.##...##.#.# #....#..# #.
#### #..#...##.#o#########..# #(
...# ##.#...##.#............####.
...# #.o...##.o.........##......
...# #.....##...........##.#####
#### #.....##...................


You could see an orc warrior, an orc priest and an orc.

Vanquished Creatures
  Sigmund (D:5)
  A sky beast (D:5)
  An orc warrior (D:6)
  A phantom (D:6)
  2 ogres
  2 scorpions
  2 howler monkeys (D:4)
  2 hounds
  5 orc wizards
  2 centaur skeletons (D:5)
  2 iguanas
  2 worker ants
  A hound skeleton (D:4)
  A worker ant zombie (D:6)
  6 adders
  An ooze (D:4)
  An adder skeleton (D:4)
  4 worms
  4 dart slugs
  5 leopard geckos
  8 orcs
  5 bats
  A giant cockroach (D:4)
  8 goblins
  4 hobgoblins
  6 kobolds
  5 quokkas
  2 frilled lizards
  5 rats
90 creatures vanquished.

Vanquished Creatures (others)
  An orc wizard (D:5)
1 creature vanquished.

Grand Total: 91 creatures vanquished

Notes
Turn   | Place    | Note
-------+----------+-------------------------------------------
     0 | D:1      | Mrkan the Formicid Fighter began the quest for the Orb.
     0 | D:1      | Reached XP level 1. HP: 18/18 MP: 1/1
   124 | D:1      | You fall through a shaft!
   142 | D:2      | Reached XP level 2. HP: 18/24 MP: 2/2
   146 | D:2      | Reached XP level 3. HP: 15/29 MP: 3/3
   613 | D:2      | Reached XP level 4. HP: 27/37 MP: 4/4
  1001 | D:3      | Found a basalt altar of Yredelemnul.
  1001 | D:3      | Found a deep blue altar of Sif Muna.
  1002 | D:3      | Found a shattered altar of Ashenzari.
  1023 | D:3      | Became a worshipper of Yredelemnul the Dark
  1032 | D:3      | Noticed an ogre
  1040 | D:3      | Killed an ogre
  1040 | D:3      | Reached skill level 1 in Invocations
  1040 | D:3      | Reached XP level 5. HP: 35/42 MP: 5/5
  1481 | D:4      | Reached XP level 6. HP: 46/48 MP: 7/7
  1598 | D:4      | Reached * piety under Yredelemnul
  1651 | D:4      | Reached skill level 5 in Shields
  1714 | D:4      | Found a burning altar of Makhleb.
  1716 | D:4      | Found a glowing silver altar of Zin.
  1716 | D:4      | Noticed an angel
  1717 | D:4      | Noticed an Executioner
  1822 | D:4      | Found an opulent altar of Gozag.
  1910 | D:4      | Reached XP level 7. HP: 55/55 MP: 8/8
  2109 | D:4      | Found Pylid's Armour Shoppe.
  2162 | D:5      | Entered Level 5 of the Dungeon
  2162 | D:5      | Found a white marble altar of Elyvilon.
  2162 | D:5      | Found an ornate altar of the Wu Jian Council.
  2333 | D:5      | Reached skill level 5 in Maces & Flails
  2390 | D:5      | Noticed Sigmund
  2415 | D:5      | Killed Sigmund
  2415 | D:5      | Reached skill level 5 in Fighting
  2435 | D:5      | Reached XP level 8. HP: 13/62 MP: 10/10
  2819 | D:5      | Found a sacrificial altar of Ru.
  3772 | D:6      | Found a staircase to the Ecumenical Temple.
  3848 | D:6      | Noticed a +0 dagger
  3848 | D:6      | Noticed a +0 hand axe
  3849 | D:6      | Found a hide-covered altar of Uskayaw.
  3985 | D:6      | HP: 1/64 [orc warrior/+0 hand axe (17)]
  3994 | D:6      | Killed from afar by an orc priest

Skill      XL: |  1  2  3  4  5  6  7  8 |
---------------+-------------------------+-----
Shields        | 4 5 6 |  6.6
Maces & Flails | 3 4 5 6 |  6.7
Fighting       | 4 5 |  5.9
Invocations    | 1 2 3 4 |  4.7
Armour         | |  3.8

Action                   |  1- 3 |  4- 6 |  7- 9 || total
-------------------------+-------+-------+-------++-------
Melee: Flail             |    53 |   178 |   260 ||   491
  Eat: Chunk             |       |     3 |     7 ||    10
Armor: Scale mail        |    17 |    83 |    62 ||   162
Dodge: Dodged            |    10 |    77 |    68 ||   155
Block: Shield            |    34 |    83 |   112 ||   229
